Map: Orbital Shipyard

Players

Tarrantius - Winner!

  • Race: Protoss Protoss

Bop

  • Race: Protoss Protoss

VOD

Have the link to the VOD?

Description

Time

  • Played on: May 6, 2015, 6:01 a.m.
  • Length: 6:11
Show
View Real Time Build Order
Export as new Build Order

Tarrantius Protoss - Winner!

Build Orders: Oracle Opening, Oracle Opening 

Get SALT Encoding   

  12  0:00  Probe  
  13  0:13  Pylon  
  13  0:17  Probe  
  14  0:31  Gateway  
  14  0:33  Probe (Chrono Boost)  
  16  0:42  Probe (Chrono Boost), Assimilator  
  16  0:50  Probe  
  17  0:57  Gateway  
  17  1:02  Probe (Chrono Boost)  
  18  1:16  Pylon  
  18  1:17  Probe (Chrono Boost)  
  19  1:26  Cybernetics Core  
  19  1:29  Probe (Chrono Boost)  
  19  1:32  Assimilator  
  20  1:41  Probe (Chrono Boost)  
  21  1:48  Probe (Chrono Boost)  
  22  1:58  Probe  
  23  2:02  Stargate  
  23  2:08  Warp Gate (Chrono Boost)  
  23  2:10  Probe  
  23  2:13  Pylon  
  24  2:18  Stalker  
  26  2:23  Probe  
  27  2:35  Probe  
  28  2:41  Nexus  
  28  2:47  Oracle (Chrono Boost)  
  31  3:00  Gateway  
  31  3:06  Gateway  
  30  3:13  Probe  
  28  3:27  Oracle (Chrono Boost)  
  29  3:42  Pylon  
  29  3:43  Pylon  
  29  3:46  Pylon  
  29  3:47  Probe  
  33  4:02  Oracle (Chrono Boost)  
  33  4:20  Stalker x2  
  37  4:25  Stalker  
  39  4:32  Probe  
  39  4:35  Probe  
  41  4:44  Stalker, Probe  
  44  4:54  Stalker  
  44  4:56  Probe  
  44  5:02  Stalker  
  45  5:16  Stalker  
  45  5:18  Probe  
  48  5:23  Oracle (Chrono Boost)  
  51  5:53  Probe  
  52  6:00  Pylon  
Show
View Real Time Build Order
Export as new Build Order

Bop Protoss 

Build Orders: Mass Adepts 

Get SALT Encoding   

  12  0:01  Probe  
  13  0:13  Pylon  
  13  0:18  Probe  
  14  0:31  Probe (Chrono Boost)  
  14  0:35  Gateway  
  16  0:43  Probe (Chrono Boost)  
  16  0:44  Assimilator  
  17  0:50  Probe (Chrono Boost)  
  17  0:59  Pylon  
  17  1:00  Probe  
  18  1:12  Probe  
  19  1:22  Cybernetics Core  
  19  1:25  Gateway  
  19  1:28  Probe  
  20  1:53  Pylon  
  20  1:59  Pylon  
  20  2:02  Warp Gate (Chrono Boost)  
  22  2:09  Adept (Chrono Boost)  
  22  2:12  Adept (Chrono Boost)  
  24  2:18  Gateway  
  24  2:19  Gateway  
  24  2:29  Adept  
  28  2:37  Adept (Chrono Boost)  
  28  2:43  Gateway  
  28  2:52  Gateway  
  28  2:56  Adept (Chrono Boost)  
  30  3:11  Pylon  
  26  3:43  Adept  
  26  3:44  Adept x4  
  36  3:56  Zealot  
  38  4:03  Stalker  
  38  4:04  Stalker  
  40  4:12  Stalker  
  40  4:33  Adept x2  
  40  4:34  Zealot  
  42  4:52  Adept x2  
  40  5:05  Adept  
  40  5:06  Zealot x2  
  36  5:18  Adept x2  
  40  5:26  Adept  
  34  5:51  Adept x2  
  34  5:59  Zealot x3  
Tags
 
Add a new tag
Caveats
  • Supply blocks, unpowered buildings, or Contaminate may cause inaccurate times.
  • Supply counts are checked every 10 seconds.